 Dungeon Crawl Stone Soup version 0.29.1-1-gd02db6906a (webtiles) character file.

Game seed: 6736864762759589538

49 GigaChad the Trooper (level 3, -10/36 HPs)
             Began as a Minotaur Fighter on Sept 21, 2022.
             Killed from afar by an electric eel (11 damage)
             ... with a bolt of electricity
             ... on level 3 of the Dungeon.
             The game lasted 00:05:00 (1235 turns).

GigaChad the Trooper (Minotaur Fighter)             Turns: 1235, Time: 00:05:01

Health: -10/36     AC:  7    Str: 20    XL:     3   Next: 51%
Magic:  2/2        EV:  9    Int: 11    God:
Gold:   135        SH:  4    Dex: 11    Spells: 2/2 levels left

rFire   . . .      SeeInvis .   a - +0 long sword
rCold   . . .      Faith    .   c - +0 buckler
rNeg    . . .      Spirit   .   b - +0 scale mail
rPois   .          Reflect  .   (helmet restricted)
rElec   .          Harm     .   (no cloak)
rCorr   .          Rampage  .   (no gloves)
Will    .....                   (no boots)
Stlth   ..........              e - amulet of regeneration
HPRegen 0.92/turn               g - +6 ring of intelligence
MPRegen 0.08/turn               (no ring)

@: no status effects
A: horns 2, retaliatory headbutt
a: no special abilities


You were on level 3 of the Dungeon.
You visited 1 branch of the dungeon, and saw 3 of its levels.

You collected 135 gold pieces.

Inventory:

Hand Weapons
 a - a +0 long sword (weapon)
Missiles
 k - 7 poisoned darts (quivered)
Armour
 b - a +0 scale mail (worn)
 c - a +0 buckler (worn)
Jewellery
 e - an amulet of regeneration (around neck)
 g - a +6 ring of intelligence (left hand)
Wands
 l - a wand of iceblast (3)
 r - a wand of flame (18)
Scrolls
 j - a scroll of identify
 o - a scroll of fear
 p - a scroll of vulnerability
Potions
 d - a potion of might
 f - a potion of lignification {unknown}
 h - a potion of curing {unknown}
 i - 2 potions of flight {unknown}
 m - a potion of invisibility {unknown}
 n - 2 potions of attraction {unknown}
 q - a potion of magic {unknown}


   Skills:
 + Level 5.2 Fighting
 - Level 2.4 Long Blades
 - Level 3.7 Armour
 - Level 4.0 Shields


You had 2 spell levels left.
You didn't know any spells.
Your spell library contained the following spells:

 Spells                   Type           Power      Damage    Failure   Level
 Freeze                   Ice            0%         1d3       78%         1
 Poisonous Vapours        Pois/Air       0%         N/A       89%         2
 Frozen Ramparts          Ice            0%         1d1       98%         3
 Corpse Rot               Necr/Pois/Air  0%         N/A       100%        4
 Hailstorm                Conj/Ice       0%         3d3       100%        4


Dungeon Overview and Level Annotations

Branches:
Dungeon (3/15)

Altars:

Shops:
D:2 *(*?

Annotations:
D:3 1 transporter


Innate Abilities, Weirdness & Mutations

You have a pair of horns on your head.
You reflexively headbutt those who attack you in melee.


Message History

The frilled lizard hisses angrily.
You see here an amethyst potion.
n - 2 amethyst potions (gained 1)
Found two leather armours.
You block the frilled lizard's attack.
You slash the frilled lizard!
You kill the frilled lizard!
You see here a frilled lizard corpse.
Found a scroll of identify.
Found 11 gold pieces.
You see here a +0 leather armour.
q - a fizzy silvery potion
Found a wand of flame (18).
Found a transporter.
Found 8 gold pieces.
There is a transporter here.
You enter the transporter and appear at another place.
r - a wand of flame (18)
There is a transporter landing site here.
You can't go up here!
You open the door.
The electric eel shoots out a bolt of lightning at you!
The bolt of electricity hits you! x2; The bolt of electricity hits the plant!
The plant begins to die.
There is an open door here.
The electric eel shoots out a bolt of lightning at you!
The bolt of electricity hits you!
* * * LOW HITPOINT WARNING * * *
The bolt of electricity hits the electric eel.
The electric eel completely resists.
The bolt of electricity hits the electric eel.
The electric eel completely resists.
The bolt of electricity misses you.
You barely miss the electric eel.
The electric eel shoots out a bolt of lightning at you!
The bolt of electricity hits you!
* * * LOW HITPOINT WARNING * * *
The bolt of electricity hits the electric eel.
The electric eel completely resists.
The bolt of electricity hits the electric eel.
The electric eel completely resists.
The bolt of electricity hits you!
You die...

##### #
##...####.#
####.........#
#....©....#
#.#######.# #
##.#8.©.8#.####$##
#..#P...P#.#......
#..###'###........
#.w#S..@S#.#.##.##
#..#~...~#.#.#
#..#~...~#.# #
....#~.⌠.~#.# $.
##..#~...~#.# .#
#..#~...~#.# ##?#
##.#~...~#.#.##.##
#.###+###.#......
##.#P.(.P#......#


You could see a worm and 2 electric eels.

Vanquished Creatures
  An adder (D:2)
  2 dart slugs
  4 endoplasms
  A giant cockroach (D:1)
  3 goblins (D:1)
  A hobgoblin (D:2)
  4 jackals (D:1)
  2 quokkas
  3 ball pythons (D:1)
  A bat (D:1)
  6 frilled lizards
  A kobold (D:1)
  7 rats
36 creatures vanquished.

Vanquished Creatures (others)
  A goblin (D:1)
1 creature vanquished.

Grand Total: 37 creatures vanquished

Notes
Turn   | Place    | Note
-------+----------+-------------------------------------------
     0 | D:1      | GigaChad the Minotaur Fighter began the quest for the Orb.
     0 | D:1      | Reached XP level 1. HP: 19/19 MP: 0/0
   109 | D:1      | Reached skill level 4 in Fighting
   109 | D:1      | Reached XP level 2. HP: 27/27 MP: 1/1
   587 | D:2      | Found Johiwn's Antique Weapon Boutique.
   596 | D:2      | Reached XP level 3. HP: 29/35 MP: 2/2
   599 | D:2      | Reached skill level 5 in Fighting
   699 | D:2      | Found Pehoeryg's General Store.
   898 | D:2      | Identified the +1 spear of the Witching Hero {flame, Contam
                  | rF+ rN+++ Dex+3}
   921 | D:2      | Found Huhis's Magic Scroll Emporium.
  1054 | D:2      | Found Taqaimuejorr's Assorted Antiques.
  1169 | D:3      | Found a transporter.
  1214 | D:3      | Found a transporter.
  1235 | D:3      | HP: 1/36 [electric eel/bolt of electricity (7)]
  1235 | D:3      | Killed from afar by an electric eel

Illustrated notes

Levels and vault maps discovered:
D:1:      minmay_arrival_stone_box, layout_loops_ring
D:2:      layout_loops_ring, serial_shops, nicolae_lakefront_shop,
          nicolae_shop_overgrown_old_shop, shop_statue, shop
D:3:      gammafunk_steamed_eel, layout_loops_ring, uniq_terence

Skill      XL: |  1  2  3 |
---------------+----------+-----
Fighting       | 4 5 |  5.2
Shields        | 4 |  4.0
Long Blades    | |  2.4
Armour         | |  3.7

Action                   || total
-------------------------++-------
Melee: Long sword        ||    83
       Headbutt          ||     5
  Use: Scroll            ||     3
Armor: Scale mail        ||    45
Dodge: Dodged            ||    52
Block: Buckler           ||    29
